 Dungeon Crawl Stone Soup version 0.21-a0-630-g344d351 (webtiles) character file.

28 Megalobster the Magician (level 3, 0/28 HPs)
             Began as a Gnoll Wanderer on Dec 25, 2017.
             Slain by an adder (1 damage)
             ... on level 2 of the Dungeon.
             The game lasted 00:02:10 (959 turns).

Megalobster the Magician (Gnoll Wanderer)            Turns: 959, Time: 00:02:11

Health: 0/28       AC:  2    Str: 19    XL:     3   Next: 12%
Magic:  9/9        EV: 10    Int: 18    God:
Gold:   12         SH:  8    Dex: 11    Spells: 8/12 levels left

rFire    . . .     SeeInvis .   b - +0 spear
rCold    . . .     Gourm    .   a - +0 shield
rNeg     . . .     Faith    .   d - +0 robe
rPois    .         Spirit   .   (no helmet)
rElec    .         Reflect  .   (no cloak)
rCorr    .         Harm     .   (no gloves)
MR       .....                  (no boots)
Stlth    +.........             (no amulet)
HPRegen  0.09/turn              (no ring)
MPRegen  0.11/turn              (no ring)

@: brilliant, lethally poisoned (0 -> -8)
A: distributed training, fangs 1, strong nose
a: no special abilities


You were on level 2 of the Dungeon.
You were not hungry.

You visited 1 branch of the dungeon, and saw 2 of its levels.

You collected 12 gold pieces.

Inventory:

Hand Weapons
 b - a +0 spear (weapon)
Missiles
 e - 24 stones (quivered)
Armour
 a - a +0 shield (worn)
 d - a +0 robe (worn)
Jewellery
 h - an uncursed ring of magical power {unknown}
Scrolls
 g - 3 scrolls of identify {unknown}
 i - a scroll of enchant armour {unknown}
Books
 c - the Papyrus of Darkness

   Spells                             Type                      Level
   a - Animate Skeleton               Necromancy                   1
   b - Regeneration                   Charms/Necromancy            3
Comestibles
 f - 4 rations
 k - a chunk of flesh


   Skills:
 + Level 2.5 Fighting
 + Level 0.6 Short Blades
 + Level 2.5 Long Blades
 + Level 0.6 Axes
 + Level 0.6 Maces & Flails
 + Level 0.6 Polearms
 + Level 0.6 Staves
 + Level 0.6 Slings
 + Level 0.6 Bows
 + Level 0.6 Crossbows
 + Level 0.6 Throwing
 + Level 0.6 Armour
 + Level 2.5 Dodging
 + Level 0.6 Stealth
 + Level 2.5 Shields
 + Level 0.6 Unarmed Combat
 + Level 5.0 Spellcasting
 + Level 0.4 Conjurations
 + Level 2.1 Hexes
 + Level 0.4 Charms
 + Level 0.4 Summonings
 + Level 0.4 Necromancy
 + Level 3.7 Translocations
 + Level 0.4 Transmutations
 + Level 0.4 Fire Magic
 + Level 0.4 Ice Magic
 + Level 0.4 Air Magic
 + Level 0.4 Earth Magic
 + Level 0.4 Poison Magic
 + Level 0.8 Invocations
 + Level 2.5 Evocations


You had 8 spell levels left.
You knew the following spells:

 Your Spells              Type           Power        Failure   Level  Hunger
a - Animate Skeleton      Necr           N/A          7%          1    None
b - Regeneration          Chrm/Necr      ###.......   17%         3    ##.....


Dungeon Overview and Level Annotations

Branches:
Dungeon (2/15)

Altars:


Innate Abilities, Weirdness & Mutations

Your experience applies equally to all skills.
You have very sharp teeth.
Your uncanny sense of smell can sniff out nearby items.


Message History

The adder bites you.
* * * LOW HITPOINT WARNING * * *
You miss the adder. Your bite misses the adder.
The adder is almost dead.
* * * LOW HITPOINT WARNING * * *
You feel sick. The adder bites you.
* * * LOW HITPOINT WARNING * * *
Your goblin skeleton barely misses the adder.
You closely miss the adder.
The adder is almost dead.
* * * LOW HITPOINT WARNING * * *
You feel sick. The adder bites you.
* * * LOW HITPOINT WARNING * * *
Your goblin skeleton closely misses the adder.
You block the adder's attack.
You closely miss the adder. Your bite misses the adder.
The adder is almost dead.
* * * LOW HITPOINT WARNING * * *
You feel sick. The adder bites you.
You die...

########## #........#
#........# #....>...+
#........#
#......S.##########
#......@Z+ ...#...
#........####.#.########
#####...................
###...#.#.#.#.####.#
#...#.#.#.#.#
###.#.#.#.#.#..#
..#.#.#.#.#..#
..#.#.#.#.#..#
..##.#.#.#.#..#


You could see an adder and a friendly goblin skeleton.

Vanquished Creatures
  An ooze (D:1)
  A leopard gecko (D:1)
  4 bats (D:1)
  2 giant cockroaches (D:1)
  2 goblins
  2 hobgoblins (D:1)
  4 kobolds (D:1)
  2 rats (D:1)
18 creatures vanquished.

Vanquished Creatures (collateral kills)
  2 goblins (D:1)
2 creatures vanquished.

Grand Total: 20 creatures vanquished

Notes
Turn   | Place    | Note
-------+----------+-------------------------------------------
     0 | D:1      | Megalobster the Gnoll Wanderer began the quest for the Orb.
     0 | D:1      | Megalobster set off with: a +0 shield, a +0 spear, the Papyrus of Darkness, a +0 robe, a ration
     0 | D:1      | Reached XP level 1. HP: 17/17 MP: 6/6
     0 | D:1      | Identified the Papyrus of Darkness
     2 | D:1      | Learned a level 1 spell: Animate Skeleton
   273 | D:1      | Reached XP level 2. HP: 22/23 MP: 7/7
   509 | D:1      | Reached XP level 3. HP: 28/28 MP: 9/9
   543 | D:1      | Reached skill level 5 in Spellcasting
   550 | D:1      | Learned a level 3 spell: Regeneration
   959 | D:2      | HP: 1/28 [poisoned by an adder]
   959 | D:2      | Slain by an adder

Vault maps used:
D:1:      giann_bridges, nrook_mini_backslash, nrook_loot_triangle
D:2:      uniq_terence

Skill      XL: |  1  2  3 |
---------------+----------+-----
Hexes          | 2 |  2.1
Spellcasting   | 5 |  5.0
Fighting       | |  2.5
Short Blades   | |  0.6
Long Blades    | |  2.5
Axes           | |  0.6
Maces & Flails | |  0.6
Polearms       | |  0.6
Staves         | |  0.6
Slings         | |  0.6
Bows           | |  0.6
Crossbows      | |  0.6
Throwing       | |  0.6
Armour         | |  0.6
Dodging        | |  2.5
Stealth        | |  0.6
Shields        | |  2.5
Unarmed Combat | |  0.6
Conjurations   | |  0.4
Charms         | |  0.4
Summonings     | |  0.4
Necromancy     | |  0.4
Translocations | |  3.7
Transmutations | |  0.4
Fire Magic     | |  0.4
Ice Magic      | |  0.4
Air Magic      | |  0.4
Earth Magic    | |  0.4
Poison Magic   | |  0.4
Invocations    | |  0.8
Evocations     | |  2.5

Action                   || total
-------------------------++-------
Melee: Spear             ||    66
       Bite              ||     4
 Cast: Animate Skeleton  ||     3
  Use: Potion            ||     1
 Stab: Sleeping          ||     1
Armor: Robe              ||    13
Dodge: Dodged            ||    23
Block: Shield            ||    17

Table legend:
 A = Spawn XP
 B = Non-spawn XP
 C = Spawn XP percentage of total XP
 D = Spawn monster count
 E = Non-spawn monster count
 F = Spawn count percentage of total count
 G = Total turns spent on level
                    A         B        C        D         E        F      G
               +---------+---------+-------+---------+---------+-------+---------
         Total |       0 |      40 |   0.0 |       0 |      20 |   0.0 |   959
               +---------+---------+-------+---------+---------+-------+---------
           D:1 |       0 |      38 |   0.0 |       0 |      19 |   0.0 |   912
           D:2 |       0 |       2 |   0.0 |       0 |       1 |   0.0 |    47
               +---------+---------+-------+---------+---------+-------+---------
